 Dungeon Crawl Stone Soup version 0.19.1-1-g22dce08 (webtiles) character file.

119 Gorglomux the Cudgeler (level 5, 0/33 HPs)
             Began as a Gargoyle Fighter on Dec 31, 2016.
             Killed by divine providence
             ... invoked by an orc priest
              (10 damage)
             ... on level 3 of the Dungeon.
             The game lasted 00:02:26 (1407 turns).

Gorglomux the Cudgeler (Gargoyle Fighter)           Turns: 1407, Time: 00:02:26

Health: 0/33       AC: 12    Str: 20    XL:     5   Next: 3%
Magic:  5/5        EV:  7    Int:  9    God:
Gold:   168        SH:  9    Dex:  9    Spells: 0 memorised, 4 levels left

rFire  . . .     SeeInvis .     a - +0 flail
rCold  . . .     Gourm    .     b - +0 scale mail
rNeg   + . .     Faith    .     c - +0 shield
rPois  ∞         Spirit   .     (no helmet)
rElec  +         Reflect  .     (no cloak)
rCorr  .         Harm     .     j - +0 pair of gloves
MR     .....                    (no boots)
Stlth  +.........               (no amulet)
                                (no ring)
                                r - ring of stealth

@: no status effects
A: negative energy resistance 1, electricity resistance, unbreathing,
petrification resistance, rot immunity, AC +4
a: no special abilities


You were on level 3 of the Dungeon.
You were not hungry.

You visited 1 branch of the dungeon, and saw 3 of its levels.

You collected 168 gold pieces.

Inventory:

Hand Weapons
 a - a +0 flail (weapon)
Armour
 b - a +0 scale mail (worn)
 c - a +0 shield (worn)
 j - a +0 pair of gloves (worn)
Jewellery
 r - a ring of stealth (left hand)
Wands
 v - a wand of iceblast (9/15)
Scrolls
 i - a scroll of recharging {unknown}
 l - 3 scrolls of identify {unknown}
 m - a scroll of teleportation {unknown}
 o - a scroll of enchant armour {unknown}
 p - a scroll of enchant weapon {unknown}
 q - 2 scrolls of remove curse {unknown}
Potions
 d - a potion of might
 e - 3 potions of curing {unknown}
 k - 2 potions of flight {unknown}
 n - a potion of berserk rage {unknown}
 t - a potion of cure mutation {unknown}
 w - a potion of heal wounds {unknown}
 x - a potion of haste {unknown}
Books
 s - a book of Cantrips

   Spells                             Type                      Level
   a - Confusing Touch                Hexes                        1
   b - Animate Skeleton               Necromancy                   1
   c - Summon Small Mammal            Summoning                    1
   d - Apportation                    Translocation                1
Comestibles
 f - 2 bread rations
 g - 7 chunks of flesh
 h - 2 fruits
 u - a beef jerky


   Skills:
 + Level 4.2 Fighting
 * Level 4.3 Maces & Flails
 - Level 3.2 Armour
 - Level 3.2 Shields


You had 4 spell levels left.
You didn't know any spells.

Dungeon Overview and Level Annotations

Branches:
Dungeon (3/15)

Altars:


Innate Abilities, Weirdness & Mutations

You are resistant to torment.
Your stone body is resilient. (AC +4)
You are immune to poison.
You resist negative energy. (rN+)
You are resistant to electric shocks. (rElec)
You can survive without breathing.
You are immune to petrification.
You are immune to rotting.


Message History

The orc priest miscasts a cantrip.
The orc hits you but does no damage.
You barely miss the orc priest.
The orc priest hits you but does no damage.
The orc hits you but does no damage.
You thump the orc priest!
The orc priest is severely wounded.
You block the orc's attack. The orc priest barely misses you.
You hit the orc priest.
The orc priest is almost dead.
The orc hits you but does no damage. You block the orc priest's attack.
You closely miss the orc priest.
The orc priest is almost dead.
You block the orc's attack. The orc priest hits you with a flail.
You closely miss the orc priest.
The orc priest is almost dead.
The orc hits you but does no damage.
The orc priest invokes the aid of Beogh against you.
Beogh smites you!
You die...

#.. #.. #..# #..
#..# ###.# ##...
.... ...# #..# #..#
#..# #..#
#.###.<######oo#
............#.)@##
######..###......###
#..# #........# #..#
#......#.# ...#
#.#...##.# #.#.#
#.###.##.# #.#<###.#
#.##.# ........#
#.##.# #.####..#
#.##.#


You could see an orc priest and an orc.

Vanquished Creatures
  An orc priest (D:3)
  3 adders (D:2)
  2 worms (D:2)
  2 dart slugs (D:2)
  A leopard gecko (D:2)
  An orc (D:3)
  2 giant cockroaches
  11 hobgoblins
  2 ball pythons (D:1)
  6 bats
  5 frilled lizards (D:2)
  7 goblins
  4 kobolds
  7 rats
54 creatures vanquished.

Notes
Turn   | Place    | Note
-------+----------+-------------------------------------------
     0 | D:1      | Gorglomux the Gargoyle Fighter began the quest for the Orb.
     0 | D:1      | Reached XP level 1. HP: 14/14 MP: 1/1
   171 | D:1      | Reached XP level 2. HP: 15/19 MP: 2/2
   716 | D:2      | Reached XP level 3. HP: 15/23 MP: 3/3
  1074 | D:2      | Reached XP level 4. HP: 29/29 MP: 4/4
  1400 | D:3      | Reached XP level 5. HP: 12/33 MP: 5/5
  1407 | D:3      | Killed from afar by an orc priest

Skill      XL: |  1  2  3  4 |
---------------+-------------+-----
Maces & Flails | 3 4 |  4.3
Fighting       | 4 |  4.2
Armour         | |  3.2
Shields        | |  3.2

Action                   |  1- 3 |  4- 6 || total
-------------------------+-------+-------++-------
Melee: Flail             |   172 |    64 ||   236
  Eat: Chunk             |     1 |     1 ||     2
Armor: Scale mail        |   139 |    26 ||   165
Dodge: Dodged            |    81 |    21 ||   102
Block: Shield            |   109 |    27 ||   136
